 Dungeon Crawl Stone Soup version 0.28-a0-915-gcd63401287 (webtiles) character file.

Game seed: 6743465821315741203

1712 mcbry74 the Stinger (level 9, -3/57 HPs)
             Began as a Merfolk Venom Mage on Nov 25, 2021.
             Was a Follower of Vehumet.
             Engulfed by a steam dragon's steam (7 damage)
             ... on level 7 of the Dungeon.
             The game lasted 00:38:47 (7144 turns).

mcbry74 the Stinger (Merfolk Venom Mage)            Turns: 7144, Time: 00:38:48

Health: -3/57      AC:  4    Str: 11    XL:     9   Next: 4%
Magic:  15/15      EV: 13    Int: 17    God:    Vehumet [*.....]
Gold:   247        SH:  0    Dex: 15    Spells: 6/16 levels left

rFire   . . .      SeeInvis .   q - +11 spear "Feuvener" {flame, rPois Will+ Str+3}
rCold   . . .      Faith    .   (no shield)
rNeg    . . .      Spirit   .   a - +0 robe
rPois   +          Reflect  .   (no helmet)
rElec   .          Harm     .   D - +1 cloak
rCorr   .          Rampage  .   (no gloves)
Will    +....                   (no boots)
Stlth   +++.......              (no amulet)
HPRegen 0.19/turn               (no ring)
MPRegen 0.14/turn               (no ring)

@: no status effects
A: (nimble swimmer 2), mertail
a: Renounce Religion


You were on level 7 of the Dungeon.
You worshipped Vehumet.
Vehumet was aware of your devotion.
You visited 2 branches of the dungeon, and saw 8 of its levels.

You collected 247 gold pieces.

Inventory:

Hand Weapons
 b - a +0 falchion
 d - a +0 short sword
 f - a +0 dagger
 q - the +11 spear "Feuvener" (weapon) {flame, rPois Will+ Str+3}
   (You found it on level 4 of the Dungeon)

   It burns those it strikes, dealing additional fire damage.
   Str:       It affects your strength (+3).
   rPois:     It protects you from poison.
   Will:      It increases your willpower.
 r - the +7 falchion of Cheibriados's Esteem {protect, rF- rC++ Str+3}
   (You took it off a kobold on level 4 of the Dungeon)

   It grants its wielder temporary protection when it strikes (+7 to AC).
   Str:       It affects your strength (+3).
   rF:        It makes you vulnerable to fire.
   rC:        It greatly protects you from cold.
 s - a +2 vorpal falchion
 t - a +2 vorpal falchion
 x - a +2 dagger of speed
 z - a +3 short sword
Missiles
 i - 34 poisoned darts
 k - a boomerang
 y - a curare-tipped dart
Armour
 a - a +0 robe (worn)
 m - a +0 helmet
 D - a +1 cloak (worn)
Wands
 c - a wand of acid (6)
Scrolls
 h - a scroll of magic mapping {unknown}
 j - a scroll of amnesia {unknown}
 n - a scroll of teleportation
 p - a scroll of fear {unknown}
 u - a scroll of noise {unknown}
 v - a scroll of holy word {unknown}
 B - a scroll of brand weapon {unknown}
 E - a scroll of silence {unknown}
Potions
 e - a potion of resistance
 g - a potion of haste {unknown}
 l - 4 potions of curing
 o - a potion of flight {unknown}
 w - a potion of lignification {unknown}
 A - a potion of heal wounds {unknown}
 C - a potion of degeneration {unknown}


   Skills:
 - Level 0.2(0.6) Short Blades
 - Level 0.7(0.8) Long Blades
 + Level 5.9 Polearms
 + Level 4.2 Dodging
 + Level 5.8 Stealth
 - Level 4.0 Spellcasting
 - Level 2.2 Conjurations
 - Level 4.0 Transmutations
 - Level 2.3 Air Magic
 * Level 7.2 Poison Magic


You had 6 spell levels left.
You knew the following spells:

 Your Spells              Type           Power      Damage    Failure   Level
a - Sting                 Tmut/Pois      88%        1d7       1%          1
b - Mephitic Cloud        Conj/Pois/Air  16%        N/A       10%         3
c - Olgreb's Toxic Radia  Pois           28%        N/A       8%          4
d - Poisonous Vapours     Pois/Air       38%        N/A       3%          2

Your spell library contained the following spells:

 Spells                   Type           Power      Damage    Failure   Level
 Foxfire                  Conj/Fire      28%        2x1d5     10%         1
 Wereblood                Tmut           17%        N/A       4%          2
 Magic Dart               Conj           40%        1d5       6%          1
 Slow                     Hex            12%        N/A       16%         1
 Call Imp                 Summ           3%         N/A       24%         2
 Sublimation of Blood     Necr           3%         N/A       24%         2
 Call Canine Familiar     Summ           3%         N/A       43%         3
 Confusing Touch          Hex            3%         N/A       43%         3
 Ozocubu's Armour         Ice            3%         N/A       43%         3
 Portal Projectile        Hex/Tloc       6%         N/A       43%         3
 Leda's Liquefaction      Hex/Erth       1%         N/A       83%         4
 Yara's Violent Unravell  Hex/Tmut       5%         3d4       88%         5
 Ozocubu's Refrigeration  Ice            1%         4d5       100%        7
 Summon Hydra             Summ           1%         N/A       100%        7


Dungeon Overview and Level Annotations

Branches:
Dungeon (7/15)             Temple (1/1) D:5

Altars:
Ashenzari
Dithmenos
Elyvilon
Gozag
Hepliaklqana
Kikubaaqudgha
Nemelex Xobeh
Okawaru
Qazlal
Ru
Sif Muna
Trog
Vehumet
Wu Jian
Yredelemnul
Zin

Shops:
D:3 (


Innate Abilities, Weirdness & Mutations

((You are quick and stealthy near water. (Stealth+, EV+, Speed+++)))
Your lower body shifts to a powerful aquatic tail in water.


Message History

Vehumet accepts your kill.
You have reached level 9!
Your experience leads to an increase in your attributes!
Your base attributes are Str 8, Int 16, Dex 15.
Increase (S)trength, (I)ntelligence, or (D)exterity?
You feel clever. The steam dragon breathes steam at you.
The ball of steam hits you!
You hear a loud, deep croak!
You reach to attack!
You hit the steam dragon. You burn the steam dragon.
The steam dragon is lightly wounded.
The steam dragon breathes steam at you. The ball of steam hits you!
You are too injured to fight recklessly!
You are engulfed in a cloud of scalding steam.
You are too injured to fight recklessly!
You are too injured to fight recklessly!
You are too injured to fight recklessly!
Reach: q) +11 spear "Feuvener" {flame, rPois Will+ Str+3}
Press: ? - help, Dir - move target, f/p - steam dragon
Aim: a steam dragon (steam, lightly wounded, about 27% to evade the +11 spear "Feuvener")
You reach to attack!
You hit the steam dragon. You burn the steam dragon.
The steam dragon is lightly wounded.
Reach: q) +11 spear "Feuvener" {flame, rPois Will+ Str+3}
Press: ? - help, Dir - move target, f/p - steam dragon
Aim: a steam dragon (steam, lightly wounded, about 27% to evade the +11 spear "Feuvener")
You puncture the steam dragon! You burn the steam dragon.
The steam dragon is heavily wounded.
Reach: q) +11 spear "Feuvener" {flame, rPois Will+ Str+3}
Press: ? - help, Dir - move target, f/p - steam dragon
Aim: a steam dragon (heavily wounded, about 27% to evade the +11 spear "Feuvener")
You puncture the steam dragon! You burn the steam dragon.
The steam dragon is almost dead.
The steam dragon breathes steam at you. The ball of steam hits you!
* * * LOW HITPOINT WARNING * * *
You hit the steam dragon but do no damage.
The steam dragon is almost dead.
You are engulfed in a cloud of scalding steam.
You die...

. ########## ### .. ...#.....##
#.#############.#
..........####.D@§§.....§#.D.##
...........##..########..§.....
...........#..########..†......
.............##....D....#
................###...###
...........#######..###
...........# #..## ..........##
#.# ...#.......# #..


You could see a steam dragon (catching breath).

Vanquished Creatures
  Prince Ribbit (D:6)
  Eustachio (D:5)
  Menkaure (D:5)
  A water moccasin (D:7)
  A hornet zombie (D:6)
  Blork the orc (D:6)
  A kobold brigand (D:6)
  2 scorpions
  2 water moccasin zombies
  3 wights (D:6)
  A centaur zombie (D:5)
  3 hounds (D:5)
  A jelly (D:6)
  2 orc priests
  Crazy Yiuf (D:6)
  A bullfrog skeleton (D:5)
  2 iguanas
  5 orc wizards
  A white imp (D:6)
  11 dart slugs
  19 orcs
  4 ball pythons
  4 endoplasms
  7 giant cockroaches
  2 goblins
  4 hobgoblins
  5 jackals
  5 quokkas
  7 bats
  2 frilled lizards
  8 kobolds
  11 rats
120 creatures vanquished.

Notes
Turn   | Place    | Note
-------+----------+-------------------------------------------
     0 | D:1      | mcbry74 the Merfolk Venom Mage began the quest for the Orb.
     0 | D:1      | Reached XP level 1. HP: 13/13 MP: 3/3
   193 | D:1      | Reached XP level 2. HP: 19/19 MP: 0/5
   731 | D:1      | Reached XP level 3. HP: 16/24 MP: 3/6
  1258 | D:2      | Reached skill level 4 in Poison Magic
  1364 | D:2      | Learned a level 3 spell: Mephitic Cloud
  2178 | D:3      | Reached XP level 4. HP: 3/30 MP: 3/7
  3109 | D:3      | Found Esosmaek's Weapon Boutique.
  3229 | D:4      | Identified the +11 spear "Feuvener" {flame, rPois Will+
                  | Str+3}
  3262 | D:4      | Reached XP level 5. HP: 32/35 MP: 3/8
  3348 | D:4      | Reached skill level 1 in Polearms
  3348 | D:4      | Reached skill level 1 in Conjurations
  3348 | D:4      | Reached skill level 1 in Air Magic
  3613 | D:4      | Identified the +7 falchion of Cheibriados's Esteem
                  | {protect, rF- rC++ Str+3}
  3671 | D:4      | You fall into a shaft and drop 1 floor!
  3671 | D:5      | Entered Level 5 of the Dungeon
  3671 | D:5      | Found a staircase to the Ecumenical Temple.
  3681 | Temple   | Entered the Ecumenical Temple
  3755 | Temple   | Became a worshipper of Vehumet
  3764 | D:5      | Found an opulent altar of Gozag.
  3775 | D:5      | Reached XP level 6. HP: 33/41 MP: 8/10
  3959 | D:5      | Noticed Menkaure
  3966 | D:5      | Killed Menkaure
  4220 | D:5      | Reached XP level 7. HP: 46/46 MP: 11/11
  4574 | D:5      | Noticed Eustachio
  4602 | D:5      | Killed Eustachio
  4603 | D:5      | Reached skill level 5 in Poison Magic
  5223 | D:5      | Reached * piety under Vehumet
  5223 | D:5      | Offered knowledge of Foxfire by Vehumet.
  5377 | D:5      | Found an ornate altar of the Wu Jian Council.
  5481 | D:5      | Reached XP level 8. HP: 49/52 MP: 10/13
  5643 | D:5      | Learned a level 4 spell: Olgreb's Toxic Radiance
  5646 | D:5      | Learned a level 2 spell: Poisonous Vapours
  5930 | D:6      | Noticed Prince Ribbit
  5980 | D:6      | Killed Prince Ribbit
  5981 | D:6      | Reached skill level 5 in Stealth
  5981 | D:6      | Reached skill level 6 in Poison Magic
  6398 | D:6      | Found an ancient bone altar of Kikubaaqudgha.
  6401 | D:6      | Reached skill level 5 in Polearms
  6430 | D:6      | Noticed Blork the orc
  6438 | D:6      | Killed Blork the orc
  6593 | D:6      | Found a runed translucent door.
  6594 | D:6      | Noticed Crazy Yiuf
  6802 | D:6      | Found an iron altar of Okawaru.
  6944 | D:6      | Killed Crazy Yiuf
  7067 | D:7      | Reached skill level 7 in Poison Magic
  7121 | D:7      | Reached XP level 9. HP: 50/57 MP: 15/15
  7144 | D:7      | Engulfed by a steam dragon's steam

Illustrated notes

Levels and vault maps discovered:
D:1:      dpeg_arrival_ternary, layout_basic
D:2:      layout_basic, serial_bayou_crossing
D:3:      cheibrodos_pilgrimage, layout_loops_ring, serial_shops,
          nicolae_shop_bloodbath_and_beyond
D:4:      layout_basic, kennysheep_slug_shrine, lemuel_doored_altar,
          serial_curves, eino_curves_03, eino_curves_04
D:5:      kennysheep_slugbush, layout_basic, lemuel_crystal_altar,
          nicolae_wu_jian_immortal_techniques, minmay_temple_entry_grid,
          uniq_menkaure, uniq_eustachio
D:6:      layout_basic, mainiacjoe_overflow_large_starburst,
          uniq_crazy_yiuf_cottage, uniq_prince_ribbit1, uniq_blork_the_orc
D:7:      layout_rooms, kennysheep_generic_room_8
Temple:   nicolae_temple_x_marks_the_god

Skill      XL: |  1  2  3  4  5  6  7  8 |
---------------+-------------------------+-----
Poison Magic   | 4 5 7 |  7.2
Transmutations | 2 3 4 |  4.0
Stealth        | 3 4 5 |  5.8
Polearms       | 1 2 3 5 |  5.9
Conjurations   | 1 2 |  2.2
Air Magic      | 1 2 |  2.3
Spellcasting   | 3 4 |  4.0
Dodging        | 4 |  4.2
Short Blades   | |  0.2
Long Blades    | |  0.7

Action                   |  1- 3 |  4- 6 |  7- 9 || total
-------------------------+-------+-------+-------++-------
Melee: Falchion          |    12 |       |       ||    12
       Dagger            |    45 |    23 |       ||    68
       Short sword       |     2 |       |       ||     2
       Spear             |       |    41 |    97 ||   138
 Cast: Sting             |    39 |    22 |    15 ||    76
       Mephitic Cloud    |       |     1 |     1 ||     2
       Poisonous Vapours |       |       |     4 ||     4
  Use: Scroll            |     1 |     2 |     1 ||     4
       Potion            |       |     1 |       ||     1
 Stab: Sleeping          |     8 |    10 |    11 ||    29
Armor: Robe              |    25 |     7 |     7 ||    39
Dodge: Dodged            |    62 |    42 |    37 ||   141

Table legend: (Time is in decaauts)
 A = Elapsed time spent in this place.
 B = Non-inter-level travel time spent in this place.
 C = Inter-level travel time spent in this place.
 D = Time resting spent in this place.
 E = Time spent auto-exploring this place.
 F = Levels seen in this place.
 G = Mean time per level.
                   A        B        C        D        E       F      G
               +--------+--------+--------+--------+--------+-----+--------+
         Total |   7113 |   6939 |    174 |   2259 |   2966 |   8 |  889.1 |
       Dungeon |   7034 |   6860 |    174 |   2259 |   2966 |   7 | 1004.9 |
        Temple |     78 |     78 |      0 |      0 |      0 |   1 |   78.0 |
               +--------+--------+--------+--------+--------+-----+--------+

Top non-repeatable levels by time:
     D:5: 1917 daAuts
     D:6: 1365 daAuts
     D:3: 1339 daAuts
     D:1: 1004 daAuts
     D:2: 856 daAuts
     D:4: 465 daAuts
     D:7: 85 daAuts
  Temple: 78 daAuts
